 Dungeon Crawl Stone Soup version 0.31-a0-1098-g6898e6545c (webtiles) character file.

Game seed: 5615251092069339335

18 kae the Vexing (level 2, 0/20 HPs)
             Began as a Demonspawn Enchanter on Nov 30, 2023.
             Slain by a kobold
             ... wielding a +0 whip
              (5 damage)
             ... on level 1 of the Dungeon.
             The game lasted 00:00:34 (458 turns).

kae the Vexing (Demonspawn Enchanter)                Turns: 458, Time: 00:00:34

Health: 0/20       AC:  2    Str:  8    XL:     2   Next: 51%
Magic:  5/5        EV: 12    Int: 15    God:
Gold:   8          SH:  0    Dex: 13    Spells: 3/5 levels left

rFire   . . .        a - +1 dagger
rCold   . . .        (no shield)
rNeg    . . .        b - +0 robe
rPois   .            (no helmet)
rElec   .            (no cloak)
rCorr   .            (no gloves)
SInv    .            (no boots)
Will    .....        (no amulet)
Stlth   ++           (no ring)
HPRegen 0.23/turn    (no ring)
MPRegen 0.09/turn

%: no passive effects
@: no status effects
A: powered by pain 1
a: no special abilities


You were on level 1 of the Dungeon.
You visited 1 branch of the dungeon, and saw 1 of its levels.

You collected 8 gold pieces.


Innate Abilities, Weirdness & Mutations

You sometimes gain a little power by taking damage.


   Skills:
 + Level 0.4 Fighting
 * Level 1.3 Short Blades
 - Level 1.7 Dodging
 * Level 3.0 Stealth
 + Level 2.1 Spellcasting
 * Level 3.2 Hexes
 * Level 0.0 Ice Magic


You had 3 spell levels left.
You knew the following spells:

 Your Spells              Type           Power      Damage    Failure   Level
a - Ensorcelled Hibernat  Hex/Ice        12%        N/A       17%         2

Your spell library contained the following spells:

 Spells                   Type           Power      Damage    Failure   Level
 Confusing Touch          Hex            11%        N/A       17%         3
 Tukima's Dance           Hex            11%        N/A       17%         3
 Dazzling Flash           Conj/Hex       12%        N/A       34%         3

Inventory:

Hand Weapons
 a - a +1 dagger (weapon)
Armour
 b - a +0 robe (worn)
Scrolls
 d - 2 scrolls of identify {unknown}
 g - a scroll of teleportation {unknown}
Potions
 c - 2 potions of invisibility
 e - a potion of lignification {unknown}
 f - a potion of heal wounds {unknown}

Dungeon Overview and Level Annotations

Branches:
Dungeon (1/15) Zot: 5546

Altars:

..<..+ #.# #.# #. ##.####### #.#
#.# #. .........# #.# #.# #.
#####.#### #.## ####.####.
#####.## #..# #......... ......[#
######.# #.######## ##.######
#..# #.# #.# ##.
........+.###.K###.#####.######.#
##.######......K@b..............#
#.# ........###.####..######.#
#.# #.#.###.###.## #..# ##. ### #
# #.##...# #..# #. #.#.###.##..#
#. #...# .....# #. ###.# ##.## #.
##. #.# #. # ##


You could see a bat and 2 kobolds.


Message History

A giant cockroach is nearby!
You are too injured to fight recklessly!
You are too injured to fight recklessly!
You are too injured to fight recklessly!
You are too injured to fight recklessly!
A giant cockroach is nearby!
You are too injured to fight recklessly!
You are too injured to fight recklessly!
A giant cockroach is nearby!
You are too injured to fight recklessly!
You are too injured to fight recklessly!
You hit the giant cockroach. The giant cockroach bites you. 😮 HP[-1]
You take 1 damage, and now have 13/20 hp.
You completely miss the giant cockroach.
The giant cockroach bites you. 😮 HP[-1]
You take 1 damage, and now have 12/20 hp.
You closely miss the giant cockroach.
The giant cockroach bites you but does no damage.
You closely miss the giant cockroach. The giant cockroach bites you.
The giant cockroach bites you but does no damage.
You hit the giant cockroach but do no damage.
The giant cockroach bites you. 😮 HP[-1]
You take 1 damage, and now have 11/20 hp.
You hit the giant cockroach. The giant cockroach closely misses you.
You barely miss the giant cockroach. The giant cockroach barely misses you.
You hit the giant cockroach.
You kill the giant cockroach!
Your Stealth skill increases to level 3! 😮 HP[+1]
You start resting. 😕 HP[+5]
You regained 5 hp, and now have 17/20 hp.
Nothing quivered!
No target in view!
No target in view!
No target in view!
No target in view!
A bat and a kobold come into view. 😕 HP[+1]
There are monsters nearby!
A ball python comes into view.
You see here 8 gold pieces.
There are monsters nearby!
A kobold comes into view. It is wielding a +0 whip.
The bat misses you.
The ball python hisses angrily.
You hit the ball python.
The kobold shouts!
The bat barely misses you. The ball python barely misses you.
The ball python closely misses you.
The kobold shouts!
There are monsters nearby!
You closely miss the ball python. The ball python barely misses you.
The ball python grabs you. The ball python constricts you. The bat hits you.
You closely miss the ball python. The bat hits you but does no damage.
The ball python bites you.
The ball python constricts you. 😕 HP[-2]
You take 2 damage, and now have 16/20 hp.
You completely miss the ball python. The bat hits you but does no damage.
The ball python bites you but does no damage.
The ball python constricts you. The kobold closely misses you. 😮 HP[-1]
You take 1 damage, and now have 15/20 hp.
You barely miss the ball python. The ball python barely misses you.
The ball python constricts you. The bat barely misses you.
The kobold hits you with a +0 short sword. 😮 HP[-3]
You take 3 damage, and now have 12/20 hp.
You barely miss the ball python. The bat hits you but does no damage. x2
The ball python bites you. The ball python constricts you.
The kobold hits you with a +0 short sword.
* * * LOW HITPOINT WARNING * * *
The ball python bites you.
* * * LOW HITPOINT WARNING * * *
The ball python constricts you. 😨 HP[-3]
You take 3 damage, and now have 9/20 hp.
Unknown command.
You hit the ball python.
You kill the ball python!
The bat barely misses you. The kobold barely misses you.
You hit the bat. The bat closely misses you. The kobold closely misses you. x2
The bat closely misses you. The bat barely misses you.
The kobold attacks as it pursues you! The kobold hits you with a +0 whip.
* * * LOW HITPOINT WARNING * * *
The kobold attacks as it pursues you!
The kobold hits you with a +0 short sword.
* * * LOW HITPOINT WARNING * * *
😱 HP[-5]
You take 5 damage, and now have 4/20 hp.
MASSIVE DAMAGE!! (PAUSE)
You hit the bat. The bat hits you but does no damage.
The kobold barely misses you. The kobold closely misses you.
The bat closely misses you. The kobold attacks as it pursues you!
The kobold hits you with a +0 whip.
You die...

Skill      XL: |  1  2 |
---------------+-------+-----
Short Blades   | 1 |  1.3
Stealth        | 3 |  3.0
Fighting       | |  0.4
Dodging        | |  1.7
Spellcasting   | |  2.1
Hexes          | |  3.2

Action                     || total
---------------------------++-------
  Melee: Dagger            ||    81
   Stab: Sleeping          ||     4
 Armour: Robe              ||    53
  Dodge: Dodged            ||    51

Levels and vault maps discovered:
D:1:      shiori_shiawase, layout_loops_ring, minmay_lizard_king

Notes
Turn   | Place    | Note
-------+----------+-------------------------------------------
     0 | D:1      | kae the Demonspawn Enchanter began the quest for the Orb.
     0 | D:1      | Reached XP level 1. HP: 13/13 MP: 3/3
     0 | D:1      | magus.rc [v1.11.3]
   139 | D:1      | Reached skill level 1 in Short Blades
   172 | D:1      | Gained mutation: You sometimes gain a little power by
                  | taking damage. [demonic ancestry]
   172 | D:1      | Reached XP level 2. HP: 9/19 MP: 5/5
   303 | D:1      | Learned a level 2 spell: Ensorcelled Hibernation
   418 | D:1      | Reached skill level 3 in Stealth
   456 | D:1      | HP: 4/20 [kobold/+0 short sword (2)]
   458 | D:1      | Slain by a kobold

Vanquished Creatures
  3 bats (D:1)
  An endoplasm (D:1)
  A giant cockroach (D:1)
  A goblin (D:1)
  A quokka (D:1)
  2 ball pythons (D:1)
  12 frilled lizards (D:1)
  A rat (D:1)
22 creatures vanquished.

Table legend:
 A = Non-vault XP
 B = Vault XP
 C = Vault XP percentage of total XP
 D = Non-vault monster count
 E = Vault monster count
 F = Vault count percentage of total count
                 A         B        C        D         E       F
            +---------+---------+-------+---------+---------+-------
      Total |      16 |      11 |  40.7 |      11 |      11 |  50.0
            +---------+---------+-------+---------+---------+-------
        D:1 |      16 |      11 |  40.7 |      11 |      11 |  50.0
            +---------+---------+-------+---------+---------+-------

Skill      XL: |  1  2 |
---------------+-------+-----
Short Blades   | 1 |  1.3
Stealth        | 3 |  3.0
Fighting       | |  0.4
Dodging        | |  1.7
Spellcasting   | |  2.1
Hexes          | |  3.2

Action                     || total
---------------------------++-------
  Melee: Dagger            ||    81
   Stab: Sleeping          ||     4
 Armour: Robe              ||    53
  Dodge: Dodged            ||    51

Illustrated notes

Table legend:
 A = Kills in this place as a percentage of kills in the entire game.
 B = Kills by you in this place as a percentage of kills by you in the entire game.
 C = Kills by friends in this place as a percentage of kills by friends in the entire game.
 D = Other kills in this place as a percentage of other kills in the entire game.
 E = Experience gained in this place as a percentage of experience gained in the entire game.
 F = Experience gained in this place divided by the number of levels of this place that you have seen.
                   A       B       C       D       E      F
               +-------+-------+-------+-------+-------+----------------------
         Total | 100.0 | 100.0 |   N/A |   N/A | 100.0 |  27.0
       Dungeon | 100.0 | 100.0 |   N/A |   N/A | 100.0 |  27.0
               +-------+-------+-------+-------+-------+----------------------

Table legend: (Time is in decaauts)
 A = Elapsed time spent in this place.
 B = Non-inter-level travel time spent in this place.
 C = Inter-level travel time spent in this place.
 D = Time resting spent in this place.
 E = Time spent auto-exploring this place.
 F = Levels seen in this place.
 G = Mean time per level.
                   A        B        C        D        E       F      G
               +--------+--------+--------+--------+--------+-----+--------+
         Total |    453 |    453 |      0 |     22 |    278 |   1 |  453.0 |
       Dungeon |    453 |    453 |      0 |     22 |    278 |   1 |  453.0 |
               +--------+--------+--------+--------+--------+-----+--------+

Top non-repeatable levels by time:
     D:1: 453 daAuts
